 Dungeon Crawl Stone Soup version 0.27.0-1-g7a089689b8 (webtiles) character file.

Game seed: 11230282354773165341

79 snetch the Magician (level 4, 0/31 HPs)
             Began as a Djinni Fire Elementalist on Aug 3, 2021.
             Slain by an adder (1 damage)
             ... on level 2 of the Dungeon.
             The game lasted 00:05:11 (2007 turns).

snetch the Magician (Djinni Fire Elementalist)      Turns: 2007, Time: 00:05:12

Health: 0/31       AC:  2    Str:  7    XL:     4   Next: 62%
Gold:   82         EV: 13    Int: 18    God:
                   SH:  0    Dex: 19

rFire    + + .     SeeInvis .   p - +0 falchion
rCold    x . .     Faith    .   (no shield)
rNeg     . . .     Spirit   .   a - +0 robe
rPois    ∞         Reflect  .   (no helmet)
rElec    .         Harm     .   (no cloak)
rCorr    .         Rampage  .   (no gloves)
Will     .....                  (boots unavailable)
Stlth    ++........             (no amulet)
HPRegen  0.10/turn              h - +6 ring of dexterity
MPRegen  0.00/turn              (no ring)

@: flying
A: sickness immunity, fire resistance 2, cold vulnerability 1, float, innate
caster, hp casting, extra vitality 1
a: no special abilities


You were on level 2 of the Dungeon.
You visited 1 branch of the dungeon, and saw 3 of its levels.

You collected 82 gold pieces.

Inventory:

Hand Weapons
 e - a +0 short sword
 g - a +0 flail
 l - a +0 whip
 m - a +0 flail
 n - a +0 spear
 p - a +0 falchion (weapon)
Missiles
 c - 16 poisoned darts
 d - 11 stones
 f - 65 bolts
 o - 8 sling bullets
Armour
 a - a +0 robe (worn)
Jewellery
 h - a +6 ring of dexterity (left hand)
Scrolls
 j - 2 scrolls of immolation {unknown}
Potions
 b - 2 potions of lignification {unknown}
 i - a potion of mutation {unknown}
 k - a potion of brilliance {unknown}


   Skills:
 + Level 2.6 Dodging
 + Level 2.2 Stealth
 + Level 3.5 Spellcasting


You couldn't memorise any spells.
You knew the following spells:

 Your Spells              Type           Power      Damage    Failure   Level
a - Foxfire               Conj/Fire      60%        2x1d7     3%          1
b - Conjure Flame         Conj/Fire      15%        6-21      11%         3
c - Inner Flame           Hex/Fire       15%        N/A       11%         3
d - Sticky Flame          Conj/Fire      15%        2d4       36%         4
e - Fireball              Conj/Fire      7%         3d5       71%         5
f - Sting                 Tmut/Pois      60%        1d6       3%          1
Your spell library was empty.

Dungeon Overview and Level Annotations

Branches:
Dungeon (3/15)

Altars:

Shops:
D:1 *


Innate Abilities, Weirdness & Mutations

You are immune to sickness and miasma.
You are immune to poison.
Your flesh is very heat resistant. (rF++)
You are vulnerable to cold. (rC-)
You float through the air rather than walking.
You learn spells naturally, not from books.
Your magical power is your life essence.
You have superior vitality. (+4 HP)


Message History

The adder is heavily wounded.
The foxfire hits the orc.
The orc is almost dead.
The adder closely misses you.
You riposte.
You closely miss the adder.
The adder is heavily wounded.
You conjure some foxfire!
The foxfire hits the jackal.
You kill the jackal!
The adder bites you. x2; The orc barely misses you.
Unknown command.
The foxfire hits the jackal.
The jackal is heavily wounded.
The foxfire hits the adder.
The adder is severely wounded.
The jackal barely misses you. The adder bites you but does no damage.
The orc hits you from afar with a +0 trident!
The orc barely misses you. The orc hits you with a +0 short sword.
* * * LOW HITPOINT WARNING * * *
You fly upwards.
There is a stone staircase leading down here.
Casting: Foxfire (safe; 3% risk of failure)
Confirm with . or Enter, or press ? or * to list all spells.
Aiming: Sting (safe; 3% risk of failure)
Press: ? - help, Shift-Dir - straight line, f - adder
Aim: an adder (severely wounded, 57% to hit)
The sting hits the adder.
The adder is poisoned.
The adder is almost dead.
* * * LOW HITPOINT WARNING * * *
The jackal closely misses you. The adder bites you.
* * * LOW HITPOINT WARNING * * *
The jackal bites you.
* * * LOW HITPOINT WARNING * * *
The orc misses you. The orc hits you with a +0 short sword.
* * * LOW HITPOINT WARNING * * *
You barely miss the adder.
The adder is almost dead.
The adder barely misses you. The jackal completely misses you.
The orc hits you with a +0 hand axe.
* * * LOW HITPOINT WARNING * * *
The adder bites you.
You die...

#. .......#.#...
#.##...#...#....
#.##....#..#....
#####....#...###....
.......#..#..#..#...
#........###...#.#
#.......#...#...#.
####oh....#.....#..#.
#..S@o...........####
#.####.##.#.....#..#.
#.##..#...#...#.
#......###...#.#
#.....#..#..#...
##.#.#...###....
#.#....#. #.... #.#
..# #.... #.# .... ..


You could see an adder (poisoned), 2 orcs and a jackal.

Vanquished Creatures
  3 adders (D:2)
  A dart slug (D:1)
  An orc (D:3)
  4 endoplasms (D:1)
  A giant cockroach (D:1)
  4 goblins
  2 hobgoblins
  8 jackals
  2 quokkas
  4 ball pythons
  2 bats (D:1)
  5 kobolds (D:1)
  7 rats
44 creatures vanquished.

Vanquished Creatures (others)
  100 foxfires
100 creatures vanquished.

Grand Total: 144 creatures vanquished

Notes
Turn   | Place    | Note
-------+----------+-------------------------------------------
     0 | D:1      | snetch the Djinni Fire Elementalist began the quest for the
                  | Orb.
     0 | D:1      | Reached XP level 1. HP: 15/15 MP: 0/0
    64 | D:1      | Reached XP level 2. HP: 5/21 MP: 0/0
   751 | D:1      | Reached skill level 3 in Spellcasting
   751 | D:1      | Reached XP level 3. HP: 23/25 MP: 0/0
   751 | D:1      | Learned a level 1 spell: Sting
  1604 | D:1      | Found Ruafiru's General Store.
  1709 | D:2      | Reached XP level 4. HP: 29/31 MP: 0/0
  2007 | D:2      | HP: 1/31 [orc (1)]
  2007 | D:2      | Slain by an adder

Illustrated notes

Levels and vault maps discovered:
D:1:      dpeg_arrival_another_circle, layout_loops_ring, serial_shops,
          nicolae_shop_behind_doors, minmay_hexomino_f4
D:2:      layout_loops_ring, basic_altar, hellmonk_ecumenical_altar_crossroads,
          minmay_splitting_lines
D:3:      layout_basic, minmay_fractal_squares_gapless_5

Skill      XL: |  1  2  3 |
---------------+----------+-----
Spellcasting   | 3 |  3.5
Stealth        | 2 |  2.2
Dodging        | |  2.6

Action                   |  1- 3 |  4- 6 || total
-------------------------+-------+-------++-------
Melee: Falchion          |       |     1 ||     1
 Cast: Foxfire           |    52 |    13 ||    65
       Sting             |     9 |     5 ||    14
Armor: Robe              |     3 |     3 ||     6
Dodge: Dodged            |     8 |    21 ||    29
       Rpst.: Falchion   |       |     6 ||     6
